[Event "*** SCC Grand Prix: Titled Tuesday Blitz"]
[Site "Chess.com"]
[Date "2020.07.07"]
[Round "4"]
[White "MathiasWomacka"]
[Black "KaspMagAlpha"]
[Result "1-0"]
[WhiteElo "2431"]
[BlackElo "2231"]
[TimeControl "180+1"]
[EndTime "10:41:33 PDT"]
[Termination "MathiasWomacka won by resignation"]

1. e4 c5 2. Nf3 e6 3. d4 cxd4 4. Nxd4 a6 5. Bd3 Qc7 6. Qe2 b5 7. O-O Bb7 8. a4 b4 9. Nd2 Bd6 10. h3 Be5 11. N4f3 Nc6 12. Nc4 d6 13. Be3 Nf6 14.
Nb6 Rd8 15. Nxe5 Nxe5 16. Bxa6 Bxe4 17. Bb5+ Bc6 18. Bf4 Ng6 19. Be3 O-O 20. Qc4 Ne5 21. Qxb4 Bb7 22. c3 Rb8 23. a5 Nd5 24. Nxd5 Bxd5 25.
Bb6 Qe7 26. c4 Ba8 27. Qd2 Rfc8 28. b3 d5 29. cxd5 Bxd5 30. Rfc1 Rxc1+ 31. Rxc1 Qf6 32. Qe3 Qg6 33. Qg3 Qxg3 34. fxg3 f6 35. b4 Kf7 36. Be2 f5 37. Bc7 Rxb4 38. Bxe5 Ra4 39. a6 Be4 40. Rc7+ Ke8 41. Bf3 Rxa6 42. Bxe4 fxe4 43.
Rxg7 Ra5 44. Bf6 e3 45. Re7+ Kf8 46. Rxe6 Ra1+ 47. Kh2 Ra3 48. Bg5 Kf7 49. Rxe3 Ra5 50. Rf3+ Kg6 51. Bf4 Ra4 52. g4 h5 53. gxh5+ Kxh5 54. Be3 Kg6 55. Kg3 Ra2 56. Bf4 Kf5 57. Rc3 Ke4 58.
Rc4+ Kd5 59. Rb4 Kc5 60. Rb8 Kd5 61. Re8 Kc6 62. h4 Kd7 63. Re1 Ra3+ 64. Kg4 Ra2 65. g3 Ra8 66. h5 Rg8+ 67. Kf5 Rf8+ 68. Kg6 Rg8+ 69. Kf7 Rh8 70. h6 Rh7+ 71. Kg6 Rh8 72. h7 Rf8 73. Kg7 Rb8 74. h8=Q Rxh8 75. Kxh8 1-0

[Event "*** SCC Grand Prix: Titled Tuesday Blitz"]
[Site "Chess.com"]
[Date "2020.07.07"]
[Round "4"]
[White "ZAbdumalik"]
[Black "hectorfiori"]
[Result "1-0"]
[WhiteElo "2591"]
[BlackElo "2328"]
[TimeControl "180+1"]
[EndTime "10:41:34 PDT"]
[Termination "ZAbdumalik won by resignation"]

1. e4 c5 2. Nf3 e6 3. d4 cxd4 4. Nxd4 Nf6 5. Nc3 Bb4 6. Bd3 e5 7.
Ne2 d5 8. exd5 Nxd5 9. O-O Nxc3 10. Nxc3 Nc6 11. Qh5 g6 12. Qh6 Bf8 13. Qe3 Bg7 14. Qc5 Qe7 15. Qxe7+ Nxe7 16. Bg5 f6 17. Be3 Be6 18. Nb5 Nd5 19. Bxa7 O-O 20. a3 Rfc8 21. Be3 Nxe3 22. fxe3 f5 23. e4 fxe4 24. Bxe4 Bc4 25. Nd6 Bxf1 26. Bd5+ Kf8 27. Rxf1+ Ke7 28. Nxc8+ Rxc8 29. Rf7+ Kd6 30. c4 Rc7 31. Rxc7 Kxc7 32. b4 Bh6 33.
Kf2 Bc1 34. a4 Ba3 35. b5 b6 36. Kf3 Kd6 37. Ke4 Bc5 38. g4 Bg1 39. h3 h6 40.
Bf7 g5 41. Bd5 Bd4 42. Kf5 Ke7 43. Kg6 Bf2 44. Kxh6 Kf6 45. Kh5 Be1 46. Be4 Bf2 47.
Kh6 Be3 48. Kh7 Kf7 49. Bd5+ Kf6 50. Kg8 Bf2 51. Kf8 Bc5+ 52. Ke8 Bd4 53. Kd7 Bc5 54. Kc6 Bd4 55. Kb7 Ke7 56. Ka6 Kd6 57. a5 bxa5 58. Kxa5 Kc7 59. Kb4 Kb6 60. Kb3 Kc5 61. Kc2 Bf2 62.
Kd3 Bh4 63. Ke4 Bg3 64. Kf5 Bf4 65. Ke6 Bg3 66. Kd7 Bf4 67. Be4 Kb6 68. Kd6 Ka7 69. c5 Kb8 70. c6 Be3 71. c7+ 1-0

[Event "*** SCC Grand Prix: Titled Tuesday Blitz"]
[Site "Chess.com"]
[Date "2020.07.07"]
[Round "4"]
[White "LyonBeast"]
[Black "fighter2jz"]
[Result "0-1"]
[WhiteElo "3018"]
[BlackElo "2817"]
[TimeControl "180+1"]
[EndTime "10:41:39 PDT"]
[Termination "fighter2jz won by resignation"]

1. Nf3 Nf6 2. g3 g6 3. Bg2 Bg7 4. c4 O-O 5. O-O d5 6. cxd5 Nxd5 7. d4 Nc6 8. Nc3 e5 9. Bg5 Nxc3 10. bxc3 Qd6 11.
d5 Ne7 12. Nd2 f6 13. Be3 Rd8 14. c4 Bf5 15. Qb3 b6 16. Rac1 Kh8 17. Rfd1 Qd7 18. Qa3 Bf8 19. Qc3 Rac8 20. Ne4 Bxe4 21. Bxe4 Bg7 22.
Qa3 a5 23. c5 bxc5 24. Bxc5 Nf5 25. Qxa5 Nd4 26. Bxd4 exd4 27. Bf3 f5 28. Rc6 Ra8 29. Qd2 Ra7 30. Rdc1 Rda8 31. R1c2 Be5 32. Kg2 Ra4 33. Re6 Bd6 34. h4 Qg7 35. h5 gxh5 36. Bxh5 f4 37. g4 Qg5 38. Re4 Qxd5 39. f3 Rg8 40. Qd3 Qxh5 41.
Rxd4 Rxd4 42. Qxd4+ Qe5 43. Qd3 h5 44. Rc1 Rg5 45.
Rh1 Kg7 46. Rxh5 Rxh5 47. gxh5 Qg5+ 48. Kf1 Qxh5 49. Qd4+ Qe5 50. Qc4 Qg5 51. a4 Qf6 52. Kg2 Qg6+ 53. Kf2 Qf7 54. Qc3+ Qf6 55. Qc4 Qh4+ 56.
Kg2 Qg3+ 57. Kf1 Qh3+ 58. Kg1 Qh5 59. Kg2 Qg5+ 60. Kf1 Bc5 61. Ke1 Qg1+ 62. Kd2 Qd4+ 63. Qxd4+ Bxd4 64. Kd3 Be3 65. Ke4 Kf6 66. a5 Ke6 67. a6 Kd6 68. a7 Bxa7 69. Kxf4 c5 70. Ke4 Ke6 71. Kd3 Kd5 72. e4+ Ke5 73. Kc4 Bb6 74.
Kd3 Bd8 75. Ke3 Bg5+ 76. Kd3 Kf4 77. Kc4 Be7 78. Kd5 Kxf3 79. e5 Kf4 0-1

[Event "*** SCC Grand Prix: Titled Tuesday Blitz"]
[Site "Chess.com"]
[Date "2020.07.07"]
[Round "4"]
[White "ferdipy"]
[Black "FearNoEvil12"]
[Result "1-0"]
[WhiteElo "2376"]
[BlackElo "2049"]
[TimeControl "180+1"]
[EndTime "10:41:42 PDT"]
[Termination "ferdipy won by resignation"]

1. e4 a6 2. d4 b5 3. a3 Bb7 4.
Nc3 Nf6 5. f3 e6 6. Be3 d6 7.
Qd2 Nbd7 8. Bd3 c5 9. dxc5 dxc5 10. Be2 Qc7 11. Nh3 h6 12. Rd1 O-O-O 13. g4 Be7 14. Nf2 Ne5 15. Qc1 Rxd1+ 16. Qxd1 Rd8 17. Qc1 Bd6 18. h4 Nc6 19. g5 hxg5 20. hxg5 Nd7 21. Rh7 Nf8 22. Rxg7 Nd4 23. Ncd1 Be5 24. Rg8 Bg3 25.
Kf1 Ng6 26. Rxd8+ Qxd8 27. c3 Nxe2 28. Kxe2 Qh8 29. Bxc5 Nf4+ 30. Kd2 Qe5 31. Be3 Qxg5 32. Kc2 e5 33. Ng4 f6 34. Qd2 Qg8 35. Nxf6 Qe6 36. Ng4 Qc4 37. Nxe5 Bxe4+ 38. fxe4 Qxe4+ 39. Nd3 Nd5 40. Bd4 Bf4 41. Qe1 Qg2+ 42. Qf2 Qe4 43. Qe1 Qg2+ 44.
Kb1 Qg6 45. Nf2 Bg3 46. Ka1 Kc7 47. Qe4 Qxe4 48. Nxe4 Bd6 49. Nxd6 Kxd6 50. Kb1 Kc6 51. Nb4+ Nxb4 52. axb4 Kd5 53. Kc2 Kc4 54. b3+ Kd5 55. Kd3 Kc6 56. c4 bxc4+ 57. bxc4 Kd6 58. Bc5+ Kc6 59. Kd4 a5 60. bxa5 Kb7 61. Bb4 Kc6 62. c5 Kc7 63. Kd5 Kd7 64. c6+ Kc7 65. Kc5 Kc8 66. Kb6 Kb8 67. Bd6+ Ka8 68. Bc5 Kb8 69.
c7+ Kc8 70. a6 Kd7 71. Kb7 Ke6 72. c8=Q+ Kd5 73. Bf8 Ke4 74. Qd7 Ke5 75. Qc6 Kf4 76.
Qd5 Ke3 77. Qc4 Kf2 78. Qd3 Kg1 79. Qe2 Kh1 80. Kc6 1-0

[Event "*** SCC Grand Prix: Titled Tuesday Blitz"]
[Site "Chess.com"]
[Date "2020.07.07"]
[Round "4"]
[White "26andrej26"]
[Black "giantslayer83"]
[Result "0-1"]
[WhiteElo "2517"]
[BlackElo "2724"]
[TimeControl "180+1"]
[EndTime "10:41:44 PDT"]
[Termination "giantslayer83 won by resignation"]

1. e4 c6 2. Nc3 d5 3. d4 dxe4 4. Nxe4 Bf5 5. Ng3 Bg6 6. h4 h6 7. Nf3 Nf6 8. Ne5 Bh7 9. Bc4 e6 10. c3 Nbd7 11. Qb3 Nb6 12. Nxf7 Kxf7 13. Bxe6+ Ke8 14.
O-O Bd6 15. Re1 Kf8 16. Nf5 Qc7 17. Nxh6 Re8 18. Bg5 Bg6 19. Nf5 Nfd5 20. c4 Rxe6 21. Rxe6 Bh2+ 22. Kf1 Bxf5 23. cxd5 Nxd5 24. Qf3 Qf7 25.
Re5 Bxe5 26. dxe5 g6 27. Qa3+ Kg7 28. Qxa7 Re8 29. Qd4 Kh7 30. Re1 b6 31. b3 c5 32.
Qd2 Be6 33. Kg1 Qf5 34. f3 Rf8 35. Re4 Rf7 36. Qe1 Rd7 37. Kh2 Nb4 38. Rf4 Qc2 39.
Rf6 Re7 40. Qg3 Nd5 41. Rf8 Rf7 42. Rd8 b5 43. Rd6 Qf5 44. a4 bxa4 45. bxa4 c4 46.
a5 c3 47. a6 c2 48. Rc6 Rc7 49. Rxc7+ Nxc7 50. a7 Bd5 51. Qf2 Qxe5+ 52. Kg1 Qxg5 53. hxg5 c1=Q+ 54. Kh2 Qxg5 55. Qb6 Qe5+ 56. Kg1 Kg7 57. Qb8 Qa1+ 58. Kh2 Ne6 59. Qd6 Qa5 60. Kg1 Kf6 61.
Kh2 Kf7 62. Kg1 Qxa7+ 63. Kh2 Qc7 64. Qxc7+ Nxc7 65. Kg3 Kf6 66. Kf4 Ne6+ 67. Kg3 Kf5 68. Kh4 Kf4 69. Kh3 Nd4 70. Kh4 g5+ 71. Kh5 Nxf3 72. gxf3 Bxf3+ 0-1

[Event "*** SCC Grand Prix: Titled Tuesday Blitz"]
[Site "Chess.com"]
[Date "2020.07.07"]
[Round "4"]
[White "skslaviaorlova"]
[Black "IMUffeVinther-Schou"]
[Result "0-1"]
[WhiteElo "1949"]
[BlackElo "2267"]
[TimeControl "180+1"]
[EndTime "10:41:44 PDT"]
[Termination "IMUffeVinther-Schou won by resignation"]

1. e4 c5 2. c3 Nf6 3. e5 Nd5 4.
d4 cxd4 5. Nf3 d6 6. cxd4 Bd7 7. Bc4 Bc6 8. Bxd5 Bxd5 9. Nc3 dxe5 10. dxe5 e6 11.
Nxd5 exd5 12. O-O Be7 13. Bf4 O-O 14. Qb3 Qd7 15. Rfd1 Rd8 16. Rac1 Nc6 17. Nd4 Rac8 18. Nb5 Qf5 19. Bg3 Nxe5 20. Rxc8 Rxc8 21. Qxd5 Rc5 22. Qd8+ Bf8 23. Nd6 Qd3 24. Nxf7 Qxd8 25. Nxd8 Nd3 26. b3 Nb2 27. Nxb7 Nxd1 28. Nxc5 Bxc5 29. Kf1 Nc3 30.
Be5 Nxa2 31. Ke2 Kf7 32. f3 Nb4 33. Kd2 Nc6 34. Bc7 Ke6 35. Kd3 Kd5 36. Bg3 g6 37. Be1 Ne7 38. Bc3 Nf5 39. Bd2 Nd4 40.
b4 Bb6 41. f4 Nc6 42. g3 Ne7 43. h3 Nf5 44. g4 Nd6 45. Bc3 Ne4 46. Bg7 Nf2+ 47.
Kc3 Nxh3 48. f5 gxf5 49. gxf5 Ng5 50. b5 h5 51. Bf6 Nf7 52. Bh4 Ke4 53. f6 Kf5 54.
Kc4 Kg4 55. Bf2 h4 56. Bxh4 Kxh4 57. Kd5 Kg5 58. Ke6 Kg6 59. Ke7 Bd4 60. Ke6 Bxf6 61.
Kd7 Bd4 62. Kc6 Bb6 63. Kb7 Kf5 64. Ka6 Ke4 65. Kb7 Kd5 66. Ka6 Ne5 67. Kb7 Nd3 68. Ka6 Nb2 69. Kb7 Nd1 70. Ka6 Nc3 71. Kb7 Kc4 72. Ka6 Nxb5 73. Kb7 0-1

[Event "*** SCC Grand Prix: Titled Tuesday Blitz"]
[Site "Chess.com"]
[Date "2020.07.07"]
[Round "4"]
[White "Fortitudine"]
[Black "WPWPWP-2015"]
[Result "1-0"]
[WhiteElo "2254"]
[BlackElo "2406"]
[TimeControl "180+1"]
[EndTime "10:41:48 PDT"]
[Termination "Fortitudine won by resignation"]

1. d4 Nf6 2. Nc3 d5 3. Bg5 c6 4.
Nf3 Bf5 5. Ne5 Nbd7 6. Nxd7 Qxd7 7. e3 g6 8. Bd3 Bg7 9. O-O O-O 10. Re1 Ne4 11.
Nxe4 dxe4 12. Be2 e5 13. dxe5 Bxe5 14. Qxd7 Bxd7 15. c3 Kg7 16. Be7 Rfe8 17. Bc5 b6 18. Bd4 c5 19. Bxe5+ Rxe5 20. Red1 Be6 21. Rd2 f5 22. b3 h5 23. Rad1 h4 24. h3 Kf6 25.
Bb5 g5 26. Bd7 Bf7 27. Rd6+ Ke7 28. Bc6 Rc8 29. Rd7+ Kf8 30. Bd5 Bxd5 31. R1xd5 Rce8 32. Rxe5 Rxe5 33. Rxa7 Rd5 34. Rb7 Rd1+ 35. Kh2 Rd6 36. g3 Rd2 37. Kg2 f4 38. gxf4 gxf4 39. exf4 e3 40.
Rxb6 Rxf2+ 41. Kg1 Rxf4 42. Re6 Rf3 43. Kg2 Rg3+ 44.
Kh2 Kf7 45. Re4 Rf3 46. Rxh4 Rf2+ 47. Kg1 Kf6 48. Re4 Re2 49. Kf1 Rf2+ 50. Ke1 Rf3 51.
Ke2 Rxh3 52. Rxe3 Rh2+ 53. Kd3 Rh4 54. Re4 Rh2 55. Kc4 Rxa2 56. Kxc5 Ra3 57. Kc4 Kf5 58. Re3 Ra7 59. Re1 Rc7+ 60. Kd3 Rd7+ 61. Kc2 Ra7 62. b4 Rd7 63. Kb3 Rh7 64. b5 Rd7 65. c4 Re7 66. Rxe7 1-0

[Event "*** SCC Grand Prix: Titled Tuesday Blitz"]
[Site "Chess.com"]
[Date "2020.07.07"]
[Round "4"]
[White "ValentinDragnev"]
[Black "regular_legs"]
[Result "1-0"]
[WhiteElo "2759"]
[BlackElo "2527"]
[TimeControl "180+1"]
[EndTime "10:41:51 PDT"]
[Termination "ValentinDragnev won on time"]

1. d4 d5 2. c4 e6 3. Nf3 a6 4. Nbd2 Nf6 5. g3 dxc4 6. Nxc4 b5 7. Nce5 Bb7 8. Bg2 c5 9. O-O Nbd7 10. Nxd7 Qxd7 11. Bf4 cxd4 12. Qxd4 Qxd4 13. Nxd4 Bxg2 14.
Kxg2 Bc5 15. Nb3 Bb6 16. Rac1 O-O 17. Rc6 Nd5 18. Bd6 Rfc8 19. Rfc1 Rxc6 20. Rxc6 f5 21. a3 Kf7 22. Bc5 Rb8 23. Kf3 g5 24. h3 h5 25. g4 h4 26. e3 a5 27. gxf5 exf5 28. Nd4 b4 29. a4 g4+ 30. hxg4 fxg4+ 31. Kxg4 Nf6+ 32. Kf3 Bxc5 33. Rxc5 Rh8 34. Nf5 h3 35. Ng3 h2 36. Rc1 Kg6 37. Rh1 Rc8 38. Rxh2 Rc2 39. Rh8 Rxb2 40. Ra8 Ra2 41. Rxa5 b3 42. Rb5 b2 43.
Ne2 Nd7 44. Nc3 Ra3 45. Ne4 Rxa4 46. Nd2 Ra2 47. Nc4 b1=Q 48. Rxb1 Rc2 49. Nb6 Ne5+ 50. Kg3 Rc6 51. Nd5 Rd6 52. Nf4+ Kf5 53. Rb5 Kf6 54. Rd5 Rc6 55. Rd4 Nf7 56. Nd5+ Kg7 57. Rg4+ Kf8 58.
Nf4 Rd6 59. Rg6 Rd7 60. Ra6 Rb7 61. Ra8+ Ke7 62. Ra6 Kf8 63. Kf3 Kg7 64. Kg3 Ne5 65.
f3 Rb3 66. Ra7+ Kf6 67. Ra6+ Kf7 68. Ra7+ Kf6 69. Ra5 Nf7 70. Nd5+ Kg7 71. Kf4 Rd3 72. e4 Rd1 73. Ra7 Kg6 74. Ne7+ Kg7 75. Nf5+ Kf6 76. Ra6+ 1-0

[Event "*** SCC Grand Prix: Titled Tuesday Blitz"]
[Site "Chess.com"]
[Date "2020.07.07"]
[Round "4"]
[White "GMaka"]
[Black "PaulfromSPb"]
[Result "0-1"]
[WhiteElo "2331"]
[BlackElo "2593"]
[TimeControl "180+1"]
[EndTime "10:41:55 PDT"]
[Termination "PaulfromSPb won by checkmate"]

1. d4 Nf6 2. Bg5 c5 3. Bxf6 gxf6 4. d5 Qb6 5. Qc1 h5 6. h4 Bh6 7. e3 d6 8. c3 Nd7 9. Na3 Ne5 10. Nc4 Qc7 11. a4 Bf5 12. Nxe5 fxe5 13. Bb5+ Kf8 14. Ne2 a6 15. Bc4 Rb8 16. a5 Qd7 17. Ng3 Bg6 18.
Qd2 f5 19. f4 Bg7 20. Ne2 Kg8 21. Ng1 e4 22. Nh3 Bf6 23. Ng5 Kg7 24. Ne6+ Kf7 25.
g3 Rhc8 26. O-O Kg8 27. Ra2 Kh7 28. Ng5+ Kh6 29. Ne6 Rg8 30. Kf2 Bf7 31. Ng5 Bg6 32. Rc1 Rgc8 33. b4 cxb4 34. cxb4 Qe8 35. Qd1 Qh8 36.
Qb3 Rc7 37. Rac2 Rcc8 38. Be2 Qe8 39. b5 axb5 40. Bxb5 Rxc2+ 41. Rxc2 Qd8 42. Qb4 Rc8 43. Rc4 Rxc4 44. Bxc4 Qc8 45. Ne6 Be8 46. Ke2 Bd7 47. Kf2 Bxe6 48. dxe6 d5 49. Be2 Qc6 50. Qb5 Qxe6 51.
Qxb7 d4 52. exd4 Bxd4+ 53. Kf1 Qa2 54. Qc6+ Kg7 55. Qc1 Qxa5 56. Bxh5 Qb6 57. Qe1 Qb2 58. Be2 Qb3 59. Kg2 Qe3 60. Kh3 Bc3 61. Qd1 Qf2 62. h5 Bf6 63. Qf1 Qe3 64. Qd1 Qf2 65. Qf1 Qd4 66.
Qd1 Qc3 67. Qf1 Kh6 68. Qd1 Bd4 69. Qf1 e5 70. fxe5 Bxe5 71. Qg2 Kg5 72. Bf1 f4 73. Be2 f3 74. Bxf3 exf3 75. Qf2 Qc8+ 76. Kh2 Qf5 77.
Qe3+ Kxh5 78. Qf2 Qg4 79. Qe3 Qxg3+ 80. Kh1 Qh2# 0-1

[Event "*** SCC Grand Prix: Titled Tuesday Blitz"]
[Site "Chess.com"]
[Date "2020.07.07"]
[Round "4"]
[White "CarlosAlbornoz"]
[Black "Grischuk"]
[Result "0-1"]
[WhiteElo "2799"]
[BlackElo "3055"]
[TimeControl "180+1"]
[EndTime "10:41:59 PDT"]
[Termination "Grischuk won by resignation"]

1. e4 e5 2. Nf3 Nc6 3. Bb5 a6 4. Ba4 Nf6 5. O-O b5 6. Bb3 Bb7 7. d3 Be7 8. Nc3 O-O 9. a3 d6 10. Ne2 Qd7 11. Ng3 Rfe8 12. h3 d5 13. exd5 Nxd5 14.
Re1 Bf8 15. Ba2 Rad8 16. Bg5 f6 17. Be3 Kh8 18. Nh4 Qf7 19. Nhf5 Nce7 20. Nxe7 Bxe7 21. Ne4 Qg6 22. Qg4 Bf8 23. Qxg6 hxg6 24. Bc5 Kh7 25.
Bxf8 Rxf8 26. Nc5 Bc8 27. a4 Nb4 28. Bb3 g5 29. axb5 axb5 30. Ra7 c6 31. Rea1 Nd5 32. Bxd5 Rxd5 33. b4 Bf5 34. Rc7 Rc8 35. Re7 Kh6 36. Raa7 Rg8 37. g4 Bg6 38. Rac7 Rd4 39.
c3 Rd6 40. Kg2 Bxd3 41. Nxd3 Rxd3 42. Rxc6 Rd2 43. Rcc7 Rc2 44. Kg3 Rd8 45. Rxg7 Rxc3+ 46. f3 Rxc7 47. Rxc7 Rd4 48. h4 gxh4+ 49. Kxh4 Rxb4 50. Rc6 Kg6 51. Rb6 Rf4 52. Kg3 b4 53. Kg2 Rc4 54. Kg3 Kg5 55. Rb8 Kg6 56. Rb7 Rd4 57. Rb6 Rf4 58. Rb5 Kf7 59. Rb6 Ke7 60. Kf2 Kd7 61. Ke3 Kc7 62. Rb5 Kc6 63. Rb8 Kc5 64. Re8 Kd5 65. Rd8+ Kc4 66. Rc8+ Kb3 67. Re8 Kc3 68. g5 fxg5 69. Rxe5 b3 70. Rxg5 Rc4 71. Rg1 b2 72.
f4 Rb4 73. f5 Kc2 74. Rg2+ Kc1 75. Rg1+ Kc2 76. Rg2+ Kb3 77. Rg1 Ka2 78. f6 b1=Q 79. Rxb1 Kxb1 80. f7 Rb8 81. Ke4 Rf8 82. Ke5 Rxf7 83.
Ke6 Ra7 0-1

[Event "*** SCC Grand Prix: Titled Tuesday Blitz"]
[Site "Chess.com"]
[Date "2020.07.07"]
[Round "4"]
[White "vpsetter"]
[Black "Lucas_Tomiello"]
[Result "1-0"]
[WhiteElo "2619"]
[BlackElo "2424"]
[TimeControl "180+1"]
[EndTime "10:42:06 PDT"]
[Termination "vpsetter won by resignation"]

1. e4 c5 2. Nf3 d6 3. d4 cxd4 4. Nxd4 Nf6 5. Nc3 a6 6. Be2 e5 7. Nb3 Be6 8. O-O Be7 9. f4 exf4 10. Nd4 Nc6 11. Nxe6 fxe6 12. Rxf4 Ne5 13. Be3 O-O 14. Qd2 Rc8 15. Raf1 b5 16. a3 Qc7 17. Bd3 Qb7 18. Qe1 b4 19. axb4 Qxb4 20. Bxa6 Ra8 21. Bd3 Qxb2 22. Ne2 Ra4 23. Bc1 Qb6+ 24. Kh1 Ra1 25.
Qc3 Rfa8 26. Qd4 Qxd4 27. Nxd4 Nxd3 28. cxd3 e5 29. Nf5 exf4 30. Nxe7+ Kf7 31. Nf5 Ke6 32. Nxg7+ Kd7 33. Kg1 Rg8 34. Nf5 Ng4 35. Bxf4 Rxf1+ 36. Kxf1 Ne5 37. Bxe5 dxe5 38. g3 Ra8 39. h4 Ra2 40. g4 Ke6 41. g5 Rh2 42. Kg1 Rd2 43. h5 Rxd3 44. g6 hxg6 45. hxg6 Kf6 46. g7 Kf7 47.
Kf1 Rh3 48. Kf2 Ra3 49. Ke2 Ra4 50. Kf3 Ra3+ 51. Kg4 Ra1 52. Kf3 Rg1 53. Ke3 Rg5 54. Kd3 Rxg7 55. Nxg7 Kxg7 56. Kc4 Kf6 57. Kd5 Kf7 58. Kd6 Kf6 59. Kd5 Kf7 60. Kd6 Kf6 61. Kd7 Kg5 62. Ke6 Kg6 63. Kxe5 Kf7 64. Kd6 Ke8 65. Ke6 Kf8 66. Kd7 Kf7 67. e5 Kg6 68. e6 Kf5 69. e7 Kf4 1-0

[Event "*** SCC Grand Prix: Titled Tuesday Blitz"]
[Site "Chess.com"]
[Date "2020.07.07"]
[Round "4"]
[White "plumalka"]
[Black "gross-aleks"]
[Result "0-1"]
[WhiteElo "2403"]
[BlackElo "2610"]
[TimeControl "180+1"]
[EndTime "10:42:08 PDT"]
[Termination "gross-aleks won by resignation"]

1. e4 e5 2. Nf3 Nc6 3. Nc3 Bb4 4. Nd5 Bc5 5. c3 d6 6. d4 Bb6 7. Bb5 exd4 8. cxd4 Bd7 9. O-O Nge7 10. Bg5 f6 11. Bxf6 O-O 12. Bxc6 gxf6 13. Nxe7+ Qxe7 14. Bxd7 Qxd7 15. Nh4 d5 16. Qb3 Rad8 17. Nf5 Kh8 18. Rae1 dxe4 19. Qh3 Rde8 20. Re3 Bxd4 21. Rd1 c5 22.
Nxd4 Qxh3 23. Rxh3 cxd4 24. Rxd4 Rd8 25. Rxd8 Rxd8 26.
f4 Rd1+ 27. Kf2 Rd2+ 28. Ke3 Rxb2 29. Kxe4 Rxa2 30. Kf5 Kg7 31. Rg3+ Kf7 32. Rc3 Ra5+ 33. Ke4 f5+ 34. Kd4 Rb5 35. Rc7+ Kg6 36. h3 Rb4+ 37. Ke3 a5 38. g4 a4 39. Rc8 Rb3+ 40. Kd4 Rxh3 41.
Ke5 Re3+ 42. Kd5 fxg4 43. Ra8 b5 44. Kd4 Re1 45. Ra5 Rb1 46. Ke5 g3 47. f5+ Kg5 48.
f6 g2 49. f7 Rf1 50. Ra8 Rxf7 51. Rg8+ Kh6 52. Rxg2 Rc7 53. Kf6 Rc6+ 54. Kf5 Rc5+ 55.
Kf6 Kh5 56. Rh2+ Kg4 57. Rxh7 Kf3 58. Rh4 Ke3 59. Ke6 Kd3 60. Kd6 Rg5 61. Kc6 Kc3 62. Rh3+ Kb4 63. Kb6 Rg6+ 64. Kc7 a3 65. Rh4+ Ka5 66.
Rh8 Ka4 67. Ra8+ Kb3 68. Rf8 b4 69. Rf3+ Ka4 70. Rf2 Rg4 71. Kb6 b3 72. Rf8 a2 73. Kc5 Ka3 74. Rf1 Rb4 75. Re1 b2 76. Re3+ Rb3 77. Re8 b1=Q 78. Ra8+ Kb2 0-1

[Event "*** SCC Grand Prix: Titled Tuesday Blitz"]
[Site "Chess.com"]
[Date "2020.07.07"]
[Round "4"]
[White "Fighter008"]
[Black "JoliyRoger"]
[Result "1/2-1/2"]
[WhiteElo "2572"]
[BlackElo "2260"]
[TimeControl "180+1"]
[EndTime "10:42:10 PDT"]
[Termination "Game drawn by repetition"]

1. Nf3 Nf6 2. g3 c5 3. Bg2 Nc6 4. O-O e5 5. d3 d5 6. e4 d4 7. Na3 h6 8. Nc4 Qc7 9. a4 Bg4 10. h3 Be6 11. Nh4 g6 12. f4 Nd7 13. b3 Bxc4 14.
bxc4 Bd6 15. Bd2 h5 16. f5 O-O-O 17. fxg6 fxg6 18. Nxg6 Rh7 19. Nh4 Be7 20. Nf5 Bf6 21.
a5 a6 22. Bf3 Rdh8 23. Qe2 Kb8 24. Rfb1 Ka7 25. Rb3 Nd8 26. Rab1 Nb8 27. Rb6 Nbc6 28. c3 Qd7 29. cxd4 exd4 30. Bf4 Be5 31. Kf2 Qc7 32.
Qd2 Rf8 33. h4 Bxf4 34. gxf4 Rhf7 35. Rg1 Nxa5 36. Rbb1 Nac6 37. Rg5 Nb4 38. Bxh5 Ne6 39. Bxf7 Rxf7 40. Rg4 Nxf4 41. Rxf4 Nxd3+ 42. Kf3 Ne5+ 43. Ke2 d3+ 44. Kf2 Nxc4 45. Qxd3 Qxf4+ 46. Qf3 Qd2+ 47. Kg3 Ne5 48. Qf4 Qd3+ 49. Kg2 Nc4 50. Re1 Rf8 51. Ng3 Rg8 52. e5 Rf8 53. Qxf8 Nd2 54. Qf2 Qd5+ 55. Kg1 Nf3+ 56. Kf1 Nd2+ 57. Kg1 Nf3+ 58.
Kf1 Nd2+ 59. Ke2 Nc4 60. Kf1 Qd3+ 61. Qe2 Qd5 62. Qg2 Qd4 63. Qf2 Qd3+ 64. Qe2 Qd5 65. Kg1 Nd2 66. e6 Nf3+ 67. Kf2 Nxh4 68. e7 Qg2+ 69.
Ke3 Qxg3+ 70. Kd2 Qd6+ 71. Kc2 Nf3 72. e8=Q Nd4+ 73. Kc1 Qb6 74. Qd2 Nb3+ 75. Kd1 Nxd2 76. Kxd2 Qb2+ 77. Kd3 Qb3+ 78. Ke2 Qc2+ 79. Kf1 Qf5+ 80.
Kg2 Qg4+ 81. Kf2 Qf4+ 82. Kg1 Qg3+ 83. Kf1 Qf3+ 84. Kg1 Qg3+ 85. Kh1 Qh3+ 86. Kg1 Qg3+ 1/2-1/2

[Event "*** SCC Grand Prix: Titled Tuesday Blitz"]
[Site "Chess.com"]
[Date "2020.07.07"]
[Round "4"]
[White "SzMM19"]
[Black "Alkhoori90"]
[Result "1-0"]
[WhiteElo "2580"]
[BlackElo "2248"]
[TimeControl "180+1"]
[EndTime "10:42:12 PDT"]
[Termination "SzMM19 won by resignation"]

1. e4 d5 2. exd5 Qxd5 3. Nc3 Qd6 4. d4 Nf6 5. Nf3 Bg4 6. h3 Bxf3 7. Qxf3 c6 8. Be3 Nbd7 9. Bd3 e6 10. O-O Be7 11. Rad1 O-O 12. Rfe1 Qb4 13. Rb1 Qa5 14. g4 Nd5 15.
Nxd5 Qxd5 16. Qxd5 cxd5 17. c4 dxc4 18. Bxc4 Nb6 19.
Bb3 Rfd8 20. Rec1 Rac8 21. Kf1 h6 22. Ke2 Bf6 23. Rxc8 Rxc8 24. Kd3 Kf8 25. a4 Ke7 26. f4 g5 27. f5 exf5 28. gxf5 Rd8 29. Ke4 Nc8 30. Rf1 Nd6+ 31. Kd3 b5 32. Bd2 bxa4 33. Bxa4 Rb8 34. b3 Rb7 35. Bc3 Kf8 36. Bb2 Kg7 37. Ba3 Nb5 38. Bc5 Nc7 39. Kc4 Na8 40. Bc6 Rb8 41. b4 Nb6+ 42. Kd3 Rc8 43. d5 Rd8 44.
Ke4 Nc4 45. Rc1 Nd6+ 46. Bxd6 Rxd6 47. Rc2 Rd8 48. Ra2 h5 49. Rxa7 g4 50. hxg4 hxg4 51. Ra3 Rb8 52. b5 Kh6 53. d6 Kg5 54. Kd5 Kh4 55.
d7 g3 56. Kd6 Rg8 57. Bg2 Bg5 58. b6 Bf4+ 59. Kc6 Be5 60. Ra4+ Kh5 61. b7 Kg5 62.
Ra8 Bb8 63. Kd5 Kf4 64. f6 Ke3 65. Kc6 Kf2 66. Bh3 g2 67. Bxg2 Kxg2 68. Kd5 Kf3 69.
Kc6 Kf4 70. Ra5 Be5 71. Rd5 Kf5 72. Rxe5+ Kxe5 73. Kc7 Kxf6 74. d8=Q+ Rxd8 75. Kxd8 Kg5 76. b8=Q f5 77. Qb1 f4 78. Qf1 Kg4 79. Kd7 f3 80.
Kd6 Kf4 81. Kd5 Ke3 82. Ke5 f2 83. Kf5 1-0

[Event "*** SCC Grand Prix: Titled Tuesday Blitz"]
[Site "Chess.com"]
[Date "2020.07.07"]
[Round "4"]
[White "stolencandy13"]
[Black "Leonid_Starozhilov"]
[Result "1-0"]
[WhiteElo "2364"]
[BlackElo "2627"]
[TimeControl "180+1"]
[EndTime "10:42:21 PDT"]
[Termination "stolencandy13 won by resignation"]

1. e4 g6 2. d4 Bg7 3. Nf3 d6 4. Nc3 Nf6 5. Bf4 Bg4 6. Qd2 Bxf3 7. gxf3 Nc6 8. O-O-O O-O 9. Bc4 e5 10. dxe5 dxe5 11.
Be3 Qe7 12. Nd5 Nxd5 13. Bxd5 Nd4 14. Bxd4 exd4 15. h4 c6 16. Bb3 a5 17. a3 a4 18.
Ba2 b5 19. h5 b4 20. hxg6 hxg6 21. Qxb4 Qxb4 22. axb4 a3 23. bxa3 Rxa3 24. Bb3 d3 25.
Kd2 Rd8 26. Rhg1 Kf8 27. f4 Bh6 28. Ke3 d2 29. Rh1 Kg7 30. f3 Ra7 31. Rh2 Rad7 32. Bc4 Rd4 33. Bd3 Rxb4 34. Rhxd2 Rh8 35. Ra1 g5 36.
Rg1 Kf6 37. fxg5+ Bxg5+ 38. f4 Rh3+ 39. Ke2 Bxf4 40. Rf1 Ke5 41. Rdd1 Rb8 42. Rf3 Rh2+ 43. Rf2 Rh4 44. Rdf1 Rg8 45. Rf3 f6 46. R3f2 Rg3 47. Rf3 Rh2+ 48. R1f2 Rxf2+ 49. Kxf2 Rg4 50. Rh3 c5 51.
Rh5+ Bg5 52. Rh8 Rf4+ 53. Ke2 c4 54. Re8+ Kd4 55. Rd8+ Ke5 56. Bxc4 Rxe4+ 57. Kd3 Re3+ 58. Kd2 Re4+ 59. Kc3 Re3+ 60. Kb4 Kf4 61. Rd5 Kg3 62. Rf5 Re8 63. Bd3 Rb8+ 64. Kc4 Kg4 65. Kd5 Rd8+ 66.
Ke4 Rxd3 67. cxd3 Kh5 68. d4 Kg6 69. d5 Kf7 70. d6 Ke6 71. Rd5 Kd7 72. Kf5 Bh4 73.
Rd3 Bg5 74. Ke4 Bc1 75. Kd5 Bf4 76. Kc5 Be5 77. Rd5 Bg3 78. Rd1 Be5 79. Kd5 Bg3 80. Rf1 Be5 81. Rf5 Bxd6 82. Rxf6 Bh2 83. Rf7+ Kc8 84. Rh7 Bg3 85. Kc6 Kb8 86. Rg7 Bh2 87. Rf7 Ka8 88. Kb6 Bb8 89. Rg7 Be5 90. Ka6 Bb8 91.
Rg6 Bf4 92. Kb6 Bb8 93. Kc6 Bf4 94. Rg2 Kb8 95. Rf2 Bh2 96. Rxh2 1-0

[Event "*** SCC Grand Prix: Titled Tuesday Blitz"]
[Site "Chess.com"]
[Date "2020.07.07"]
[Round "4"]
[White "PowerThinking2650"]
[Black "Diego_FloresQ"]
[Result "0-1"]
[WhiteElo "2315"]
[BlackElo "2490"]
[TimeControl "180+1"]
[EndTime "10:42:23 PDT"]
[Termination "Diego_FloresQ won by resignation"]

1. e4 c6 2. d4 d5 3. Nc3 g6 4. e5 Bg7 5. f4 Nh6 6. Nf3 O-O 7. Bd3 f6 8. O-O Bf5 9. Kh1 Nd7 10. Be3 Bxd3 11. Qxd3 Nf5 12. Bf2 fxe5 13. fxe5 e6 14. g4 Nh6 15. h3 Nf7 16. Bh4 Qb6 17. Kg2 c5 18. Na4 Qc6 19. Nxc5 Nxc5 20. dxc5 Nxe5 21. Nxe5 Bxe5 22. Rae1 Rxf1 23. Rxf1 Qxc5 24. Qe2 Qd6 25. Re1 Bxb2 26. Qxe6+ Qxe6 27. Rxe6 Ba3 28. Re5 Rc8 29. Rxd5 Rxc2+ 30. Kf3 Rc7 31. Bf6 Rf7 32. g5 Be7 33. Kg4 Bxf6 34. gxf6 Rxf6 35. Rd7 Rf7 36. Rd6 Kg7 37. a4 b6 38. a5 bxa5 39. Ra6 Rc7 40. Rxa5 Kh6 41. h4 Kg7 42. h5 Rc4+ 43. Kg3 Rc7 44. hxg6 hxg6 45. Kg4 Kh6 46. Ra6 Rb7 47. Kg3 Kh5 48. Ra5+ g5 49. Ra6 Rd7 50. Ra3 Rb7 51. Rc3 a5 52. Ra3 Ra7 53. Ra4 Ra6 54.
Kh3 Kg6 55. Kg4 Kf6 56. Kg3 Kf5 57. Kf3 Ke5 58. Ke3 Kd5 59. Rg4 Rg6 60. Ra4 Ra6 61.
Rg4 a4 62. Rxg5+ Kc4 63. Rg1 Kb3 64. Kd3 a3 65. Rb1+ Ka2 66. Rb7 Rc6 67. Kd2 Rc8 68. Rb6 Rg8 69. Kc2 Rg2+ 70. Kc1 Rb2 71. Ra6 Rb4 72. Kc2 Rc4+ 73. Kd1 Rc5 74. Rb6 Rc3 75. Kd2 Rb3 76. Ra6 Kb2 77. Rc6 a2 78. Rc2+ Ka3 79. Rc1 Rb1 80. Rc3+ Kb4 81. Rc8 a1=Q 82. Rb8+ Kc4 83.
Rc8+ Kd5 84. Rc2 Rb2 85. Ke3 Rxc2 0-1